 Dungeon Crawl Stone Soup version 0.25.1-8-g42b30a86e7 (webtiles) character file.

Game seed: 16838833527357962106

1178 Gabide the Chucker (level 8, 0/58 HPs)
             Began as a Human Hunter on Dec 11, 2020.
             Was an Initiate of Uskayaw.
             Killed by nerve-wracking pain
             ... invoked by Grinder
              (14 damage)
             ... on level 6 of the Dungeon.
             The game lasted 00:16:17 (6897 turns).

Gabide the Chucker (Human Hunter)                   Turns: 6897, Time: 00:16:17

Health: 0/58       AC:  8    Str: 14    XL:     8   Next: 69%
Magic:  0/8        EV:  9    Int: 11    God:    Uskayaw [......]
Gold:   95         SH:  8    Dex: 15    Spells: 7/7 levels left

rFire    . . .     SeeInvis .   u - +1 dagger (venom)
rCold    . . .     Gourm    .   y - +0 kite shield
rNeg     . . .     Faith    .   t - +0 ring mail
rPois    .         Spirit   .   g - +1 helmet
rElec    .         Reflect  .   (no cloak)
rCorr    +         Harm     .   (no gloves)
MR       .....                  (no boots)
Stlth    ++........             (no amulet)
HPRegen  0.19/turn              q - ring of resist corrosion
MPRegen  0.11/turn              (no ring)

@: no status effects
A: no striking features
a: Renounce Religion


You were on level 6 of the Dungeon.
You worshipped Uskayaw.
Uskayaw was noncommittal.
You were not hungry.

You visited 1 branch of the dungeon, and saw 6 of its levels.

You collected 200 gold pieces.
You spent 105 gold pieces at shops.

Inventory:

Hand Weapons
 a - a +4 short sword
 u - a +1 dagger of venom (weapon)
Armour
 g - a +1 helmet (worn)
 t - a +0 ring mail (worn)
 y - a +0 kite shield (worn)
Jewellery
 q - a ring of resist corrosion (left hand)
Scrolls
 k - 5 scrolls of remove curse
 r - a scroll of fog
Potions
 b - a potion of brilliance {unknown}
 d - a potion of invisibility
 e - a potion of haste {unknown}
 h - 2 potions of ambrosia
 i - 3 potions of lignification
 j - 3 potions of heal wounds
 l - a potion of magic {unknown}
 n - 2 potions of flight
 o - a potion of stabbing {unknown}
 s - 5 potions of curing
Comestibles
 f - 15 rations


   Skills:
 + Level 3.5 Fighting
 + Level 4.1 Short Blades
 + Level 6.5 Throwing
 + Level 3.8 Armour
 * Level 3.1 Dodging
 + Level 2.9 Stealth
 * Level 2.6 Shields


You had 7 spell levels left.
You didn't know any spells.
Your spell library was empty.

Dungeon Overview and Level Annotations

Branches:
Dungeon (6/15)             Temple (0/1) D:5

Altars:
Gozag
Okawaru
Uskayaw
Vehumet
Xom
Zin

Shops:
D:4 %   D:6 ?

Annotations:
D:6 Grinder


Message History

* * * LOW HITPOINT WARNING * * *
Grinder gestures at you. You resist with some effort.
You can move again.
You stomp with the beat, sending a shockwave through the revelers around you!
Grinder is heavily wounded.
You feel somewhat more hungry.
You can no longer stomp with the beat.
Grinder hits you but does no damage.
You hit Grinder.
Grinder is heavily wounded.
You block Grinder's attack.
You closely miss Grinder.
Grinder is heavily wounded.
Grinder barely misses you.
You closely miss Grinder.
Grinder is heavily wounded.
Grinder gestures at you. Pain shoots through your body!
You die...

..######### ......
#...... # #..... #......
# #.....###..... #
#........... #
#.........# #
#....(....# #
.#.....)...#############
.'....)@................
.#.....5)..##########...
#.........# #....
#.........#########....
#.........#............
#..........#............
#...########............
#... #............
#............


You could see Grinder (poisoned).

Vanquished Creatures
  Menkaure (D:5)
  An ice beast (D:6)
  An ogre (D:4)
  2 centaurs
  Blork the orc (D:4)
  A gnoll shaman (D:5)
  2 hounds (D:5)
  3 orc wizards
  2 orc priests
  A bullfrog skeleton (D:4)
  2 centaur skeletons
  Natasha (D:2)
  3 worker ants
  A howler monkey zombie (D:6)
  4 worker ant zombies (D:3)
  6 adders
  4 gnolls (D:5)
  An ooze (D:1)
  2 adder skeletons
  2 worms
  5 dart slugs
  2 leopard geckos
  6 orcs
  6 giant cockroaches
  8 hobgoblins
  6 kobolds
  A quokka (D:5)
  4 ball pythons
  4 bats
  6 frilled lizards
  5 goblins
  A jackal skeleton (D:5)
  A quokka skeleton (D:3)
  10 rats
106 creatures vanquished.

Notes
Turn   | Place    | Note
-------+----------+-------------------------------------------
     0 | D:1      | Gabide the Human Hunter began the quest for the Orb.
     0 | D:1      | Reached XP level 1. HP: 16/16 MP: 1/1
    34 | D:1      | Reached XP level 2. HP: 12/22 MP: 2/2
   810 | D:1      | Reached XP level 3. HP: 27/27 MP: 3/3
  1215 | D:2      | Reached skill level 5 in Throwing
  1592 | D:2      | Found a hide-covered altar of Uskayaw.
  1741 | D:2      | Found an opulent altar of Gozag.
  1839 | D:2      | Became a worshipper of Uskayaw the Reveler
  1860 | D:2      | Noticed Natasha
  1861 | D:2      | Reached * piety under Uskayaw
  1863 | D:2      | Killed Natasha
  1863 | D:2      | Reached skill level 1 in Short Blades
  1863 | D:2      | Reached skill level 1 in Armour
  1863 | D:2      | Reached XP level 4. HP: 33/33 MP: 4/4
  1865 | D:2      | Found an iron altar of Okawaru.
  1874 | D:2      | Found a radiant altar of Vehumet.
  1917 | D:2      | Found a glowing silver altar of Zin.
  1917 | D:2      | Found a shimmering altar of Xom.
  3001 | D:3      | Reached ** piety under Uskayaw
  3134 | D:3      | Reached XP level 5. HP: 30/38 MP: 5/5
  3398 | D:3      | Reached *** piety under Uskayaw
  3985 | D:3      | Reached XP level 6. HP: 45/45 MP: 6/6
  4265 | D:4      | Noticed an ogre
  4274 | D:4      | Killed an ogre
  4505 | D:4      | Found Usyly's Food Shoppe.
  4859 | D:4      | Noticed Blork the orc
  4866 | D:4      | Killed Blork the orc
  4866 | D:4      | Reached skill level 6 in Throwing
  4866 | D:4      | Reached XP level 7. HP: 40/51 MP: 3/7
  5265 | D:5      | Entered Level 5 of the Dungeon
  5282 | D:5      | Reached **** piety under Uskayaw
  5385 | D:5      | Noticed Menkaure
  5399 | D:5      | Killed Menkaure
  5399 | D:5      | Reached skill level 1 in Shields
  5399 | D:5      | Reached XP level 8. HP: 48/57 MP: 0/8
  5684 | D:5      | Found a staircase to the Ecumenical Temple.
  6793 | D:6      | Found Plog's Magic Scroll Shoppe.
  6798 | D:6      | Bought a scroll of enchant weapon for 105 gold pieces
  6869 | D:6      | Noticed Grinder
  6878 | D:6      | Paralysed by Grinder for 2 turns
  6887 | D:6      | Paralysed by Grinder for 6 turns
  6897 | D:6      | Killed from afar by Grinder

Illustrated notes

Levels and vault maps discovered:
D:1:      evilmike_arrival_hilbert_curve, layout_basic
D:2:      layout_loops_corners, minitemple, overflow_temple_1_default,
          eat_drink_and_be_merry_uskayaw, uniq_natasha
D:3:      layout_loops_corners, serial_undead, serial_undead_a, serial_undead_d,
          serial_undead_a, serial_undead_a
D:4:      layout_cave_pools, first_ration, serial_shops, nicolae_shop_stone,
          uniq_blork_the_orc
D:5:      layout_basic, minmay_temple_entry_glass, minmay_misc_feat_ornament,
          uniq_menkaure
D:6:      minmay_evil_eye, layout_basic, nicolae_overflow_crystal_walls,
          serial_shops, shop_statue, uniq_grinder, uniq_eustachio

Skill      XL: |  1  2  3  4  5  6  7  8 |
---------------+-------------------------+-----
Throwing       | 5 6 |  6.5
Short Blades   | 1 2 3 4 |  4.1
Armour         | 1 2 3 |  3.8
Stealth        | 2 |  2.9
Shields        | 1 2 |  2.6
Fighting       | 3 |  3.5
Dodging        | 3 |  3.1

Action                   |  1- 3 |  4- 6 |  7- 9 || total
-------------------------+-------+-------+-------++-------
Melee: Short sword       |    76 |   100 |   116 ||   292
       Dagger            |       |       |    46 ||    46
Throw: Javelin           |    26 |    32 |    10 ||    68
       Throwing net      |     2 |     2 |     1 ||     5
Invok: Stomp             |       |     3 |     8 ||    11
       Line Pass         |       |     2 |     2 ||     4
  Use: Scroll            |     6 |     5 |     9 ||    20
       Potion            |       |       |     3 ||     3
 Stab: Sleeping          |       |     2 |     1 ||     3
       Paralysed         |       |     1 |     5 ||     6
       Held in net/web   |       |     1 |       ||     1
       Invisible         |       |       |     2 ||     2
       Confused          |       |       |     1 ||     1
  Eat: Chunk             |     3 |     6 |     6 ||    15
       Ration            |       |     1 |     1 ||     2
Armor: Leather armour    |    14 |    27 |       ||    41
       Ring mail         |       |    20 |    56 ||    76
Dodge: Dodged            |    44 |   100 |    70 ||   214
Block: Kite shield       |       |       |    59 ||    59
